Map: Lost and Found LE

Players

Peaceful

  • Race: Terran Terran
  • League: Gold
  • Spawn Location: 1:00

Link - Winner!

  • Race: Protoss Protoss
  • League: Gold
  • Spawn Location: 7:00

VOD

https://www.twitch.tv/videos/284035063

Description

This is a basic Photon Cannon Rush. You basically treat it like a magic trick, and use some misdirection. Start off by sending one probe into the opponent's base and building a pylon out of their building's vision. Then send another probe that will build a pylon right out front in plan sight. while you are doing this you will want to build a pylon in your base as well as a forge. Once the forge is complete use the probes in your opponent's base to warp in cannons. your opponent will probably send workers to attack your buildings but don't worry about them. just protect your probes and keep building. Eventually one of the sections you started building in will be successful in warping in a cannon. Continue building cannons to wall your opponent in and destroy their main base.

Time

  • Played on: July 12, 2018, 9:10 p.m.
  • Length: 3:38
Show
View Real Time Build Order
Export as new Build Order

Peaceful Terran 

Build Orders:  

Get SALT Encoding   

  12  0:00  SCV  
  13  0:16  Supply Depot  
  13  0:18  SCV  
  14  0:30  SCV  
  14  0:32  Refinery  
  15  0:42  SCV  
  16  0:50  Barracks  
  16  1:20  SCV  
  17  1:32  SCV  
  18  1:36  Marine  
  19  1:41  Barracks  
  18  1:54  Marine  
  19  2:12  Marine  
  20  2:27  Marine  
  21  2:30  Marine  
  21  2:32  Barracks  
  22  2:44  SCV  
  22  2:45  Supply Depot  
  21  3:06  Marine x2  
  21  3:08  Supply Depot  
  23  3:14  SCV  
Show
View Real Time Build Order
Export as new Build Order

Link Protoss - Winner!

Build Orders:  

Get SALT Encoding   

  12  0:00  Probe  
  13  0:10  Probe  
  14  0:21  Pylon  
  14  0:42  Forge  
  14  0:52  Pylon  
  14  0:54  Pylon  
  13  1:18  Photon Cannon  
  13  1:28  Photon Cannon  
  13  1:58  Pylon  
  13  1:59  Pylon  
  13  2:08  Photon Cannon  
  13  2:12  Pylon  
  13  2:19  Photon Cannon  
  13  2:28  Photon Cannon  
  13  2:33  Pylon  
  13  2:50  Photon Cannon  
  13  3:00  Photon Cannon  
  13  3:10  Photon Cannon  
  13  3:37  Photon Cannon  
Tags
 
Add a new tag
Caveats
  • Supply blocks, unpowered buildings, or Contaminate may cause inaccurate times.
  • Supply counts are checked every 10 seconds.